 Dungeon Crawl Stone Soup version 0.17.0-18-gaab0e96 (webtiles) character file.

23737 4thArraOfDagon the Cleaver (level 12, -3/104 HPs)
             Began as a Minotaur Fighter on Nov 11, 2015.
             Was a High Priest of Cheibriados.
             Slain by an ice devil (32 damage)
             ... summoned by an orc high priest
             ... on level 4 of the Orcish Mines.
             The game lasted 00:33:10 (4989 turns).

4thArraOfDagon the Cleaver (Minotaur Fighter)       Turns: 4989, Time: 00:33:10

Health: -3/104     AC: 10    Str: 34    XL:     12   Next: 74%
Magic:  16/16      EV: 23    Int: 20    God:    Cheibriados [*****.]
Gold:   1442       SH: 13    Dex: 33    Spells: 2 memorised, 9 levels left

rFire  . . .     SeeInvis .     a - +1 war axe
rCold  . . .     Clarity  +     q - +0 troll leather armour
rNeg   . . .     SustAt   .     c - +0 shield
rPois  .         Gourm    .     (helmet restricted)
rElec  .         Spirit   .     t - +1 cloak
rCorr  .         Warding  .     F - +0 pair of gloves {Dex+3}
rMut   .         Stasis   .     s - +0 pair of boots
MR     +....                    k - amulet of clarity
Stlth  ++........               A - ring of protection from magic
                                M - +6 ring of dexterity

@: very slow, somewhat resistant to hostile enchantments, unstealthy
A: retaliatory headbutt, horns 2, dopey 1, slow regeneration 1
a: Bend Time, Temporal Distortion, Slouch, Step From Time, Renounce Religion


You were on level 4 of the Orcish Mines.
You worshipped Cheibriados.
Cheibriados was extremely pleased with you.
You were hungry.

You visited 2 branches of the dungeon, and saw 17 of its levels.
You also visited: Labyrinth.

You collected 1442 gold pieces.

Inventory:

Hand Weapons
 a - a +1 war axe (weapon)
 K - a +0 battleaxe
Missiles
 i - 3 javelins
 p - a throwing net (quivered)
Armour
 c - a +0 shield (worn)
 d - a +2 robe of positive energy
 q - a +0 troll leather armour (worn)
 s - a +0 pair of boots (worn)
 t - a +1 cloak (worn)
 F - a +0 pair of gloves of dexterity (worn)
Magical Staves
 D - an uncursed staff of power
 H - an uncursed staff of conjuration
 L - an uncursed staff of wizardry
Jewellery
 k - an amulet of clarity (around neck)
 l - an uncursed ring of protection from magic
 r - a +3 ring of intelligence
 y - an uncursed ring of see invisible
 A - a ring of protection from magic (right hand)
 J - an uncursed ring of wizardry
 M - a +6 ring of dexterity (left hand)
 O - an uncursed ring of ice
 P - an uncursed ring of stealth
Wands
 b - a wand of magic darts (18)
 j - a wand of draining (2)
 w - a wand of flame (40)
 x - a wand of lightning (4)
 E - a wand of random effects (7)
Scrolls
 n - a scroll of immolation
 u - a scroll of recharging
 B - 2 scrolls of enchant weapon
 C - a scroll of remove curse
Potions
 f - a potion of berserk rage
 h - a potion of haste {unknown}
 o - 2 potions of poison {unknown}
 v - 2 potions of flight {unknown}
 z - 2 potions of ambrosia {unknown}
 G - 3 potions of cure mutation {unknown}
 I - a potion of magic
 R - a potion of lignification
Books
 N - a book of the Warp

   Spells                             Type                      Level
   a - Recall                         Summoning/Translocation      3
   b - Gell's Gravitas                Hexes/Translocation          3
   c - Force Lance                    Conjuration/Translocation    4
   d - Phase Shift                    Translocation                5
   e - Warp Weapon                    Charms/Translocation         5
   f - Summon Forest                  Summoning/Translocation      5
Comestibles
 e - 6 bread rations
 g - a royal jelly
 m - 2 meat rations


   Skills:
 - Level 9.0 Fighting
 * Level 13.6 Axes
 - Level 8.8 Armour
 - Level 10.2 Dodging
 - Level 3.6 Shields
 + Level 3.3 Spellcasting
 * Level 5.8 Transmutations
 * Level 5.6 Earth Magic
 - Level 6.0 Invocations


You had 9 spell levels left.
You knew the following spells:

 Your Spells              Type           Power        Failure   Level  Hunger
a - Statue Form           Trmt/Erth      ####.....    100%        6    #######
b - Stoneskin             Trmt/Erth      ####....     12%         2    ##.....


Dungeon Overview and Level Annotations

Branches:
Dungeon (13/15)              Lair (0/8) D:10            Orc (4/4) D:9
 Temple: D:4-7          Elf: Orc:3-4     Vaults: D:13-14

Altars:
Cheibriados
Elyvilon
Vehumet
Beogh

Shops:
D:11 %   Orc:1 [   Orc:4 (

Annotations:
D:5 Sigmund
Orc:4 Rayvis's ghost, journeyman MiFi


Innate Abilities, Weirdness & Mutations

You reflexively headbutt those who attack you in melee.
You have a pair of horns on your head.
You are dopey. (Int -2)
You regenerate slowly when monsters are visible.


Message History

The ice devil is moderately wounded.
You hit the chaos spawn but do no damage.
The chaos spawn is severely wounded.
You barely miss the sixfirhy.
The sixfirhy is heavily wounded.
The sixfirhy misses you. The sixfirhy hits you. The sixfirhy shocks you!
The sixfirhy hits you but does no damage.
You block the sixfirhy's attack. The chaos spawn hits you!
Space warps horribly around you!
The ice devil hits you but does no damage.
The orc high priest closely misses you. You furiously retaliate!
You headbutt the orc high priest!
Unknown command.
Unknown command.
Unknown command.
You fail to use your ability.
The chaos spawn gores you! The chaos spawn freezes you! The ice devil hits you!
* * * LOW HITPOINT WARNING * * *
The ice devil freezes you!!
You die...

##.### . ....##
..#####....#
.....P.....##
......P.....#
....P..P...##
.....8....([#
..........)##
....∩....3@##
P........4o3#
........P.{....#
..........o...##
......P..oTo....#
............o....
###.......o.[.....##
..........)......# .
..................
..


You could see an ice devil, 2 orc high priests, a troll, a sixfirhy, a chaos
spawn and 4 orcs.

Vanquished Creatures
  Maud (Orc:3)
  A stone giant (Orc:4)
  The ghost of HaroldButt the Grappler, a journeyman VSMo of Ru (Orc:2)
  An ettin (Orc:3)
  A minotaur (Lab)
  3 orc high priests
  Urug (Orc:1)
  An unseen horror (D:10)
  2 hill giants
  Pikel (D:4)
  2 orc knights (Orc:4)
  2 ugly things
  2 orc sorcerers
  A merfolk (D:11)
  2 trolls
  A two-headed ogre (D:10)
  A spriggan (D:11)
  A wyvern (D:12)
  A trapdoor spider (D:11)
  2 wraiths
  A deep elf fighter (D:11)
  15 yaks
  A hippogriff (D:7)
  A basilisk (D:10)
  3 deep elf magi
  5 vampire mosquitoes (D:12)
  3 hungry ghosts
  A porcupine (D:10)
  3 wargs
  22 orc warriors
  A slave (D:4)
  3 ice beasts
  An eye of draining (D:11)
  2 phantoms
  3 centaurs
  9 ogres
  7 crocodiles
  A big kobold (D:9)
  A water moccasin zombie (D:7)
  A water moccasin skeleton (D:12)
  2 wyvern skeletons (D:8)
  6 killer bees
  2 crimson imps
  A giant frog zombie (D:12)
  5 jellies
  13 orc priests
  A wasp zombie (D:11)
  A gnoll shaman (D:4)
  2 quasits
  Ijyb (D:2)
  A hound (D:12)
  A worker ant (D:8)
  24 orc wizards
  A hound skeleton (D:9)
  A hound zombie (D:5)
  3 gnolls (D:6)
  6 river rats (D:10)
  4 adders
  2 shadow imps
  An adder skeleton (D:4)
  4 worms
  A giant gecko (D:4)
  122 orcs
  A bat (D:3)
  3 giant cockroaches
  4 goblins
  A hobgoblin (D:1)
  4 kobolds
  2 quokkas
  A giant gecko skeleton (D:4)
  2 giant newts
  A jackal skeleton (D:5)
  A quokka skeleton (D:8)
  7 rats
344 creatures vanquished.

Vanquished Creatures (others)
  A jelly (D:11)
  An adder (D:4)
  A worm (D:4)
  3 orcs
  10 fungi (Orc:4)
  3 plants
19 creatures vanquished.

Grand Total: 363 creatures vanquished

Notes
Turn   | Place    | Note
--------------------------------------------------------------
     0 | D:1      | 4thArraOfDagon the Minotaur Fighter began the quest for the Orb.
     0 | D:1      | Reached XP level 1. HP: 19/19 MP: 0/0
    44 | D:1      | :D
   165 | D:2      | Reached skill level 4 in Fighting
   167 | D:2      | Reached XP level 2. HP: 25/27 MP: 1/1
   173 | D:2      | Found a snail-covered altar of Cheibriados.
   179 | D:2      | Became a worshipper of Cheibriados the Contemplative
   231 | D:2      | Noticed Ijyb
   240 | D:2      | Killed Ijyb
   240 | D:2      | Reached skill level 1 in Dodging
   240 | D:2      | Reached XP level 3. HP: 31/33 MP: 2/2
   376 | D:3      | Reached XP level 4. HP: 24/40 MP: 3/3
   487 | D:3      | Reached * piety under Cheibriados
   549 | D:4      | Reached XP level 5. HP: 38/47 MP: 4/4
   627 | D:4      | Noticed a slave
   641 | D:4      | Killed a slave
   677 | D:5      | Entered Level 5 of the Dungeon
   682 | D:5      | Noticed a centaur
   721 | D:4      | Noticed a slave
   722 | D:4      | Noticed Pikel
   737 | D:4      | how
   746 | D:4      | Noticed a slave
   752 | D:4      | Noticed a slave
   764 | D:4      | Killed Pikel
   764 | D:4      | Reached skill level 5 in Fighting
   764 | D:4      | Reached skill level 5 in Axes
   764 | D:4      | Reached skill level 5 in Armour
   764 | D:4      | Reached XP level 6. HP: 10/56 MP: 0/6
   764 | D:4      | Reached XP level 7. HP: 10/61 MP: 0/7
   786 | D:4      | Found a snail-covered altar of Cheibriados.
  1019 | D:5      | Found a radiant altar of Vehumet.
  1019 | D:5      | Noticed an ice beast
  1027 | D:5      | Killed an ice beast
  1060 | D:5      | Noticed Sigmund
  1060 | D:5      | Noticed a centaur
  1175 | D:6      | Reached skill level 6 in Axes
  1203 | D:7      | Reached skill level 5 in Dodging
  1260 | D:7      | Reached XP level 8. HP: 53/70 MP: 8/8
  1413 | D:7      | Noticed a hill giant
  1493 | D:8      | Found a white marble altar of Elyvilon.
  1527 | D:8      | Reached ** piety under Cheibriados
  1577 | D:8      | Reached skill level 7 in Axes
  1898 | D:9      | Reached skill level 8 in Axes
  1908 | D:10     | Entered Level 10 of the Dungeon
  1921 | D:10     | Reached XP level 9. HP: 63/78 MP: 10/10
  1959 | D:10     | Reached *** piety under Cheibriados
  1979 | D:10     | Reached skill level 9 in Axes
  1989 | D:10     | Noticed a troll
  1998 | D:10     | Killed a troll
  2077 | D:10     | Reached XP level 10. HP: 40/86 MP: 12/12
  2164 | D:10     | Reached skill level 10 in Axes
  2172 | D:10     | Noticed a hill giant
  2180 | D:10     | Killed a hill giant
  2198 | D:10     | Reached skill level 5 in Invocations
  2214 | D:10     | Found a staircase to the Lair.
  2267 | D:11     | Reached **** piety under Cheibriados
  2338 | D:11     | Noticed a red ugly thing
  2345 | D:11     | Killed a red ugly thing
  2400 | D:11     | Noticed a skeletal warrior
  2400 | D:11     | Noticed a skeletal warrior
  2400 | D:11     | Noticed a brown ugly thing
  2406 | D:11     | Found Sisiyl's Food Boutique.
  2430 | D:11     | Gained mutation: You are dopey. (Int -2) [mutagenic meat]
  2431 | D:11     | Gained mutation: You regenerate slowly when monsters are visible. [mutagenic meat]
  2513 | D:12     | Reached skill level 11 in Axes
  2536 | D:12     | Identified a scroll of acquirement
  2580 | D:12     | Noticed a red ugly thing
  2602 | D:12     | Killed a red ugly thing
  2602 | D:12     | Reached skill level 10 in Dodging
  2602 | D:12     | Reached XP level 11. HP: 47/95 MP: 8/14
  2636 | D:12     | Found a labyrinth entrance.
  2645 | Lab      | Entered a labyrinth
  2967 | Lab      | so badly fucked
  3202 | Lab      | Noticed a minotaur
  3207 | Lab      | Was placed under penance by Cheibriados
  3224 | Lab      | Killed a minotaur
  3226 | Lab      | Got a twisted plate armour
  3237 | Lab      | Identified the +1 plate armour of Duty {Int+4} (You took it off a minotaur in a labyrinth)
  3250 | Lab      | Identified the Guide on Mutagenic Stones (You found it in a labyrinth)
  3258 | Lab      | Learned a level 6 spell: Statue Form
  3261 | Lab      | Learned a level 2 spell: Stoneskin
  3264 | Lab      | Got a shimmering plate armour
  3297 | D:12     | Identified the cursed +0 plate armour of Satisfaction {*Drain rElec Dex+3} (You found it in a labyrinth)
  3340 | D:12     | Was forgiven by Cheibriados
  3391 | D:12     | Reached skill level 1 in Transmutations
  3399 | D:12     | Reached skill level 1 in Earth Magic
  3441 | D:12     | Noticed a hill giant
  3448 | D:12     | Killed a hill giant
  3448 | D:12     | Reached skill level 1 in Spellcasting
  3641 | D:10     | Killed an unseen horror
  3658 | D:10     | Noticed a two-headed ogre
  3666 | D:10     | Killed a two-headed ogre
  3734 | D:9      | Found a staircase to the Orcish Mines.
  3735 | D:9      | Reached ***** piety under Cheibriados
  3736 | D:9      | Reached skill level 12 in Axes
  3803 | Orc:1    | Entered Level 1 of the Orcish Mines
  3829 | Orc:1    | Found a roughly hewn altar of Beogh.
  3905 | Orc:1    | Noticed Urug
  3914 | Orc:1    | Killed Urug
  4063 | Orc:4    | Entered Level 4 of the Orcish Mines
  4063 | Orc:4    | Noticed an ettin
  4071 | Orc:4    | Noticed Maud
  4077 | Orc:3    | Killed an ettin
  4166 | Orc:4    | Noticed an orc high priest
  4254 | Orc:1    | Found Foblaenn's Armour Shoppe.
  4297 | Orc:2    | Reached XP level 12. HP: 48/104 MP: 15/15
  4327 | Orc:2    | Found a roughly hewn altar of Beogh.
  4327 | Orc:2    | Noticed an orc high priest
  4345 | Orc:2    | Killed an orc high priest
  4456 | Orc:4    | Noticed an orc high priest
  4464 | Orc:4    | Killed an orc high priest
  4482 | Orc:4    | Noticed a stone giant
  4500 | Orc:4    | Killed a stone giant
  4500 | Orc:4    | Reached skill level 13 in Axes
  4511 | Orc:4    | Noticed Rayvis's ghost (journeyman MiFi)
  4540 | Orc:4    | Noticed an orc high priest
  4563 | Orc:4    | Killed an orc high priest
  4563 | Orc:4    | Reached skill level 5 in Transmutations
  4563 | Orc:4    | Paralysed by an orc sorcerer for 7 turns
  4717 | Orc:3    | Reached skill level 5 in Earth Magic
  4780 | Orc:2    | Noticed HaroldButt's ghost (journeyman VSMo)
  4798 | Orc:2    | Killed HaroldButt's ghost
  4863 | Orc:4    | Found Osuthecubb's Antique Weapon Shoppe.
  4891 | Orc:3    | Killed Maud
  4980 | Orc:4    | Noticed an orc high priest
  4989 | Orc:4    | Slain by an ice devil

Action                   |  1- 3 |  4- 6 |  7- 9 | 10-12 || total
-------------------------+-------+-------+-------+-------++-------
Melee: War axe           |    59 |    53 |   227 |   456 ||   795
Throw: Javelin           |       |       |     8 |     7 ||    15
       Throwing net      |       |       |       |     2 ||     2
Invok: Bend Time         |       |     2 |       |     3 ||     5
       Slouch            |       |       |       |     6 ||     6
       Temporal Distorti |       |       |       |     3 ||     3
       Step From Time    |       |       |       |     1 ||     1
Evoke: Wand              |       |       |       |     3 ||     3
  Use: Scroll            |     3 |     4 |     5 |     9 ||    21
       Potion            |     1 |     1 |     5 |     2 ||     9
 Stab: Sleeping          |       |       |       |     3 ||     3
       Held in net/web   |       |       |       |     1 ||     1
  Eat: Chunk             |       |       |     2 |     7 ||     9
       Fruit             |       |       |       |     2 ||     2
       Royal jelly       |       |       |       |     3 ||     3
